 Dungeon Crawl Stone Soup version 0.30-a0-913-g9934a0ce24 (webtiles) character file.

Game seed: 1903759999279240132

4 cforsyth the Shield-Bearer (level 1, 0/18 HPs)
             Began as a Human Fighter on Mar 20, 2023.
             Slain by a frilled lizard (3 damage)
             ... on level 1 of the Dungeon.
             The game lasted 00:00:10 (45 turns).

cforsyth the Shield-Bearer (Human Fighter)            Turns: 45, Time: 00:00:11

Health: 0/18       AC:  6    Str: 16    XL:     1   Next: 66%
Magic:  1/1        EV:  8    Int:  8    God:
Gold:   25         SH:  4    Dex: 12    Spells: 0/0 levels left

rFire   . . .      SeeInvis .    a - +0 flail
rCold   . . .      Faith    .    c - +0 buckler
rNeg    . . .      Spirit   .    b - +0 scale mail
rPois   .          Reflect  .    (no helmet)
rElec   .          Rampage  .    (no cloak)
rCorr   .                        (no gloves)
Will    .....                    (no boots) Stlth
                                 (no amulet)
HPRegen 0.23/turn                (no ring)
MPRegen 0.07/turn                (no ring)

@: no status effects
A: no striking features
a: no special abilities


You were on level 1 of the Dungeon.
You visited 1 branch of the dungeon, and saw 1 of its levels.

You collected 25 gold pieces.

Inventory:

Hand Weapons
 a - a +0 flail (weapon)
Armour
 b - a +0 scale mail (worn)
 c - a +0 buckler (worn)
Scrolls
 e - 3 scrolls of amnesia {unknown}
Potions
 d - a potion of might


   Skills:
 + Level 3.0 Fighting
 + Level 2.1 Maces & Flails
 + Level 3.0 Armour
 + Level 3.0 Shields


You couldn't memorise any spells.
You didn't know any spells.
Your spell library was empty.

Dungeon Overview and Level Annotations

Branches:
Dungeon (1/15)

Altars:


Message History

A goblin is nearby!
Found a scroll labelled TUCOUHA JAEGOG.
A ball python comes into view.
Found a dagger.
A frilled lizard comes into view.
The goblin hits you with a +0 club.
You see here 4 stones.
The frilled lizard hisses angrily.
You hit the goblin.
The goblin is severely wounded.
The goblin hits you with a +0 club.
You closely miss the goblin.
The goblin is severely wounded.
The goblin hits you with a +0 club. x2
You are too injured to fight recklessly!
You are too injured to fight recklessly!
You are too injured to fight recklessly!
You are too injured to fight recklessly!
You are too injured to fight recklessly!
You are too injured to fight recklessly!
You are too injured to fight recklessly!
You are too injured to fight recklessly!
You are too injured to fight recklessly!
You are too injured to fight recklessly!
You barely miss the goblin.
The goblin is severely wounded.
The goblin barely misses you. The ball python barely misses you.
You block the ball python's attack.
You hit the goblin but do no damage.
The goblin is severely wounded.
The ball python bites you. The ball python closely misses you.
The goblin hits you with a +0 club.
* * * LOW HITPOINT WARNING * * *
The ball python bites you but does no damage.
The ball python completely misses you. The goblin hits you but does no damage.
You closely miss the goblin.
The goblin is severely wounded.
The ball python closely misses you. The ball python barely misses you.
The frilled lizard bites you.
You die...

....#.............#
....#................#.
.......#...............
#......#.......#..!...
.......#...†...#..#.#
....#...............####
...<#...................
..###............l.....)
.. ....#####....@g......
.......# #.....[.S.?....
##...# #....$.........
### #.#............
...#............
#..#########..... ###
?.... .....


You could see a goblin, a ball python and a frilled lizard.

Vanquished Creatures
  A bat (D:1)
  2 quokkas (D:1)
3 creatures vanquished.

Notes
Turn   | Place    | Note
-------+----------+-------------------------------------------
     0 | D:1      | cforsyth the Human Fighter began the quest for the Orb.
     0 | D:1      | Reached XP level 1. HP: 18/18 MP: 1/1
    45 | D:1      | Slain by a frilled lizard

Illustrated notes

Levels and vault maps discovered:
D:1:      minmay_arrival_open_corners, layout_rooms, minmay_hexomino_p4

Action                     || total
---------------------------++-------
  Melee: Flail             ||    15
 Armour: Scale mail        ||     8
  Dodge: Dodged            ||    13
  Block: Buckler           ||     1

Table legend: (Time is in decaauts)
 A = Elapsed time spent in this place.
 B = Non-inter-level travel time spent in this place.
 C = Inter-level travel time spent in this place.
 D = Time resting spent in this place.
 E = Time spent auto-exploring this place.
 F = Levels seen in this place.
 G = Mean time per level.
                   A        B        C        D        E       F      G
               +--------+--------+--------+--------+--------+-----+--------+
         Total |     50 |     50 |      0 |      0 |     19 |   1 |   50.0 |
       Dungeon |     50 |     50 |      0 |      0 |     19 |   1 |   50.0 |
               +--------+--------+--------+--------+--------+-----+--------+

Top non-repeatable levels by time:
     D:1: 50 daAuts
